 Dungeon Sprint DCSS version 0.15.2 (webtiles) character file.

65 Mood the Ducker (level 4, -19/34 HPs)
             Began as an Octopode Fighter on June 26, 2016.
             Was an Initiate of Dithmenos.
             Demolished by an orc warrior
             ... wielding a +0 scimitar
              (22 damage)
             ... in the Dungeon (Sprint IX: "|||||||||||||||||||||||||||||").
             The game lasted 00:00:56 (281 turns).

Mood the Ducker (Octopode Fighter)                   Turns: 281, Time: 00:00:57

HP -19/34        AC  3     Str 15      XL: 4   Next: 13%
MP   4/4         EV 13     Int 10      God: Dithmenos [......]
Gold 0           SH  9     Dex 15      Spells:  0 memorised,  3 levels left

rFire  . . .     SeeInvis .     n - +2 cutlass (elec)
rCold  . . .     Clarity  .     c - +0 shield
rNeg   . . .     rCorr    .     (helmet restricted)
rPois  .         rRot     .     (no amulet)
rElec  .         Spirit   .     p - +2 ring of protection
SustAb .         Warding  .     o - +3 ring of dexterity
rMut   .         NoTele   +     (no ring)
Gourm  .                        (no ring)
MR     .....                    (no ring)
                                (no ring)
                                (no ring)
                                (no ring)

@: not resistant to hostile enchantments, fairly stealthy
A: almost no armour, amphibious, 8 rings, constrict 8, camouflage 1, gelatinous
body 1
a: Renounce Religion


You were in the Dungeon.
You worshipped Dithmenos.
Dithmenos was noncommittal.
You were not hungry.

You visited 1 branch

Inventory:

Hand weapons
 a - a +0 long sword
 n - a +2 cutlass of electrocution (weapon)
Armour
 c - a +0 shield (worn)
Magical devices
 m - a wand of cold (7)
Comestibles
 d - a bread ration
Scrolls
 j - 3 scrolls of remove curse
 k - 2 scrolls of blinking
 l - 2 scrolls of amnesia
Jewellery
 o - a +3 ring of dexterity (right tentacle)
 p - a +2 ring of protection (left tentacle)
Potions
 b - a potion of invisibility
 e - a potion of might
 f - 5 potions of curing
 g - 3 potions of heal wounds
 h - a potion of haste
 i - 4 potions of magic


   Skills:
 + Level 4.5 Fighting
 * Level 4.1 Long Blades
 + Level 5.1 Dodging
 - Level 1.3 Stealth
 + Level 4.7 Shields
 * Level 0.2 Evocations


You had 3 spell levels left.
You didn't know any spells.

Dungeon Overview and Level Annotations

Branches:
Dungeon (1/1)

Altars:
Cheibriados
Dithmenos
Elyvilon
Fedhas
Kikubaaqudgha
Makhleb
Nemelex Xobeh
Okawaru
Qazlal
Sif Muna
Trog
Vehumet
Xom
Yredelemnul
Zin
The Shining One
Beogh
Jiyva
Lugonu


Innate Abilities, Weirdness & Mutations

You cannot wear most types of armour.
You are amphibious.
You can wear up to eight rings at the same time.
You can use your tentacles to constrict many enemies at once.
Your skin changes colour to match your surroundings (Stealth).
Your rubbery body absorbs attacks (AC +1).


Message History

You hit the orc warrior but do no damage.
You squeeze the orc warrior, but do no damage.
The orc warrior is moderately wounded.
You constrict the orc warrior.
The orc warrior hits you but does no damage.
You hit the orc warrior but do no damage.
The orc warrior is moderately wounded.
You constrict the orc warrior. You block the orc warrior's attack.
You hit the orc warrior.
The orc warrior is heavily wounded.
You constrict the orc warrior.
The orc warrior hits you with a scimitar!
* * * LOW HITPOINT WARNING * * *
You hit the orc warrior.
You squeeze the orc warrior, but do no damage.
The orc warrior is severely wounded.
You constrict the orc warrior.
The orc warrior hits you with a scimitar!!
Ouch! That really hurt!
You die... ▓▓▓▓▓▓▓▓▓▓▓▓▓▓▓▓▓▓▓▓▓▓▓ ____.'..|)[[[..%@ohZZs+ ▓▓▓▓▓▓▓▓▓▓▓▓▓▓▓▓▓▓▓▓▓▓▓

You could see an orc warrior, a scorpion, a hound, a rat zombie and a giant newt skeleton.

Vanquished Creatures
  2 worker ants (D)
  An orc (D)
  3 hobgoblins (D)
  A quokka (D)
  A bat (D)
  A giant cockroach (D)
  A giant newt (D)
  A rat (D)
11 creatures vanquished.

Notes
Turn   | Place    | Note
--------------------------------------------------------------
     0 | D        | Mood, the Octopode Fighter, began the quest for the Orb.
     0 | D        | Reached XP level 1. HP: 16/16 MP: 1/1
    89 | D        | Noticed a worker ant
    89 | D        | Noticed a worker ant
    95 | D        | Reached XP level 2. HP: 15/21 MP: 2/2
    99 | D        | Killed a worker ant
    99 | D        | Reached skill level 4 in Fighting
    99 | D        | Reached XP level 3. HP: 18/27 MP: 3/3
   101 | D        | Killed a worker ant
   101 | D        | Reached skill level 5 in Dodging
   101 | D        | Reached skill level 1 in Stealth
   101 | D        | Reached XP level 4. HP: 22/34 MP: 4/4
   106 | D        | Found a glowing silver altar of Zin.
   106 | D        | Found a glowing golden altar of the Shining One.
   106 | D        | Found an ancient bone altar of Kikubaaqudgha.
   106 | D        | Found a basalt altar of Yredelemnul.
   106 | D        | Found a shimmering altar of Xom.
   106 | D        | Found a radiant altar of Vehumet.
   106 | D        | Found an iron altar of Okawaru.
   107 | D        | Found a burning altar of Makhleb.
   108 | D        | Found a deep blue altar of Sif Muna.
   109 | D        | Found a bloodstained altar of Trog.
   110 | D        | Found a sparkling altar of Nemelex Xobeh.
   111 | D        | Found a white marble altar of Elyvilon.
   112 | D        | Found a roughly hewn altar of Beogh.
   113 | D        | Found a viscous altar of Jiyva.
   114 | D        | Found a corrupted altar of Lugonu.
   115 | D        | Found a blossoming altar of Fedhas.
   116 | D        | Found a snail-covered altar of Cheibriados.
   117 | D        | Found a shadowy altar of Dithmenos.
   118 | D        | Found a stormy altar of Qazlal.
   126 | D        | Became a worshipper of Dithmenos the Shadowed
   268 | D        | Noticed an orc warrior
   268 | D        | Noticed a hound
   268 | D        | Noticed a scorpion
   281 | D        | Demolished by an orc warrior

Action                   |  1- 3 |  4- 6 || total
-------------------------+-------+-------++-------
Melee: Long sword        |    21 |       ||    21
       Cutlass           |       |    11 ||    11
  Use: Potion            |     1 |       ||     1
 Stab: Sleeping          |     1 |     1 ||     2
